AoeStats
← 陟遐自迩

Arena

506604958Analyzed
4v4 RM · 18d ago on Sep 14, 2026· 42m 33s· 8 players
Game mode
Random Map
Map size
Large (8 player)
Population
200
Speed
Normal
Resources
Standard
Victory
Conquest
Starting age
Dark Age
Ending age
Imperial Age
RankedLock teamsTeams togetherTeam positionsShared explorationLock speedFull tech treeHidden civsTurbo modeCheats
Victory
Defeat
1165
+9
🇹🇼 Turks · Taiwan
1162
+10
🇩🇪 Huns · Germany
1088
+12
🇹🇼 Britons · Taiwan
1065
+13
🇫🇷 Franks · France
1056
-13
🇩🇪 Mapuche · Germany
1016
-11
🇨🇳 Huns · China
1008
-11
🇬🇧 Britons · United Kingdom
963
-9
Slow Walking Champi Warrior
9:26 Feudal Age
10:24 Double-Bit Axe
11:37 Loom
15:36 Castle Age
14:22 Stone Mining
17:13 Bow Saw
23:35 Fletching
25:23 Horse Collar
27:02 Bodkin Arrow
27:55 Heavy Plow
27:49 Gold Mining
29:20 Gold Shaft Mining
30:25 Wheelbarrow
34:06 Imperial Age
31:55 Hand Cart
31:26 Town Watch
32:10 Ballistics
34:24 Squires
33:44 Champi Runner
34:58 Curare
35:13 Conscription
34:47 Champi Warrior
37:02 Two-Man Saw
36:16 Elite Champi Warrior
38:10 Chemistry
37:15 Scale Mail Armor
38:41 Heavy Plow
40:47 Chain Mail Armor
40:44 Forging
40:38 Bracer
41:20 Arson
41:36 Murder Holes
Jason
9:16 Loom
11:52 Feudal Age
14:00 Double-Bit Axe
17:09 Castle Age
21:40 Imperial Age
19:56 Gold Mining
35:31 Stone Mining
35:32 Horse Collar
38:48 Town Watch
39:41 Wheelbarrow
39:11 Heavy Plow
jameskobecp6
9:46 Feudal Age
10:33 Horse Collar
10:39 Double-Bit Axe
18:04 Castle Age
15:55 Stone Mining
18:58 Bow Saw
18:50 Heavy Plow
22:45 Gold Mining
24:10 Gold Shaft Mining
30:52 Imperial Age
28:45 Fletching
28:56 Padded Archer Armor
29:58 Bodkin Arrow
31:10 Ballistics
31:09 Leather Archer Armor
31:49 Bracer
32:21 Ring Archer Armor
32:29 Conscription
36:32 Pikeman
37:38 Halberdier
40:47 Yeomen
陟遐自迩
0:49 Loom
11:48 Feudal Age
12:35 Horse Collar
18:36 Castle Age
18:40 Wheelbarrow
18:07 Double-Bit Axe
19:11 Stone Mining
20:02 Bow Saw
19:56 Heavy Plow
19:57 Gold Mining
23:38 Gold Shaft Mining
24:21 Forging
30:55 Imperial Age
29:52 Iron Casting
29:23 Scale Barding Armor
29:37 Hand Cart
29:08 Town Watch
30:39 Husbandry
30:51 Bloodlines
31:41 Chain Barding Armor
32:12 Marauders
32:36 Conscription
31:37 Elite Tarkan
33:48 Two-Man Saw
34:16 Blast Furnace
34:03 Plate Barding Armor
33:50 Pikeman
34:31 Squires
34:35 Scale Mail Armor
37:27 Halberdier
37:53 Arson
39:25 Chain Mail Armor
39:03 Fletching
39:14 Padded Archer Armor
42:53 Atheism
42:33 Bodkin Arrow
Baba-Bled54
0:31 Loom
12:14 Feudal Age
12:57 Double-Bit Axe
14:48 Wheelbarrow
16:50 Castle Age
15:47 Fletching
16:12 Forging
16:21 Stone Mining
19:05 Fletching
19:39 Bow Saw
27:09 Wheelbarrow
30:32 Imperial Age
28:48 Bodkin Arrow
31:05 #83
31:25 Iron Casting
31:38 Conscription
31:56 Pikeman
32:18 Elite Skirmisher
33:31 Town Watch
38:16 Padded Archer Armor
38:17 Scale Mail Armor
38:21 Gold Mining
colafantahunter
10:46 Feudal Age
11:35 Horse Collar
11:42 Double-Bit Axe
16:58 Castle Age
18:31 Bow Saw
18:24 Heavy Plow
21:34 Caravan
22:38 Wheelbarrow
23:54 Hand Cart
24:17 Gold Mining
26:02 Padded Archer Armor
27:18 Gold Shaft Mining
27:47 Leather Archer Armor
27:22 Fletching
27:40 Elite Skirmisher
29:54 Bodkin Arrow
30:36 Stone Mining
32:49 Stone Shaft Mining
33:14 Ballistics
32:34 Treadmill Crane
33:05 Masonry
33:31 Town Watch
33:31 Loom
36:35 Imperial Age
35:02 Malon
35:18 Forging
35:09 Scale Mail Armor
35:26 Arson
35:44 Murder Holes
38:03 Town Patrol
38:47 Ring Archer Armor
38:53 Iron Casting
38:33 Chain Mail Armor
37:48 Elite Bolas Rider
38:39 Butalmapu
hold up
0:53 Loom
12:47 Feudal Age
17:40 Castle Age
16:25 Double-Bit Axe
16:23 Horse Collar
16:48 Gold Mining
18:03 Stone Mining
19:35 Bow Saw
20:06 Wheelbarrow
23:09 Heavy Plow
28:34 Hand Cart
28:05 Town Watch
28:30 Caravan
32:28 Imperial Age
30:52 Forging
30:49 Scale Barding Armor
32:51 Iron Casting
32:40 Chain Barding Armor
32:46 Marauders
32:59 Bloodlines
32:50 Husbandry
35:20 Plate Barding Armor
35:07 Conscription
37:47 Blast Furnace
Asturon
10:51 Feudal Age
11:55 Double-Bit Axe
11:53 Horse Collar
17:25 Castle Age
17:15 Stone Mining
18:33 Bow Saw
18:36 Heavy Plow
18:32 Gold Mining
19:56 Gold Shaft Mining
21:44 Wheelbarrow
22:19 Loom
25:41 Hand Cart
26:53 Elite Skirmisher
27:27 Fletching
27:38 Padded Archer Armor
28:22 Ballistics
30:47 Imperial Age
31:25 Bodkin Arrow
32:57 Conscription
33:06 Town Watch
34:25 Chemistry
33:37 Elite Longbowman
35:49 Two-Man Saw
34:55 Bracer
37:01 Yeomen
Connection lost

Rejoining the realm…

Still unreachable

The connection could not be restored.

Session expired

The server has moved on; the page needs a fresh start.